 Dungeon Crawl Stone Soup version 0.30-a0-1018-g25214051b3 (webtiles) character file.

Game seed: 12637362877590395883

16 LobsterGuardian the Grasshopper (level 2, 0/25 HPs)
             Began as an Armataur Warper on Apr 8, 2023.
             Succumbed to Jessica's poison
             ... on level 2 of the Dungeon.
             The game lasted 00:01:32 (617 turns).

LobsterGuardian the Grasshopper (Armataur Warper)    Turns: 617, Time: 00:01:33

Health: 0/25       AC:  4    Str: 16    XL:     2   Next: 37%
Magic:  5/5        EV:  9    Int: 13    God:
Gold:   41         SH:  0    Dex:  9    Spells: 3/5 levels left

rFire   . . .      SeeInvis .    a - +0 hand axe
rCold   . . .      Faith    .    (no shield)
rNeg    . . .      Spirit   .    b - +0 leather armour
rPois   .          Reflect  .    (no helmet)
rElec   .          Roll     +    (no cloak)
rCorr   .                        (no gloves)
Will    .....                    (no barding)
Stlth   +                        (no amulet)
HPRegen 0.24/turn                (no ring)
MPRegen 0.09/turn                (no ring)

@: mighty, lethally poisoned (0 -> -23)
A: large, rugged brown scales 3, deformed body, armoured tail, roll, long
tongue, awkward tongue
a: no special abilities


You were on level 2 of the Dungeon.
You visited 1 branch of the dungeon, and saw 2 of its levels.

You collected 41 gold pieces.

Inventory:

Hand Weapons
 a - a +0 hand axe (weapon)
Missiles
 d - 7 boomerangs of dispersal (quivered)
Armour
 b - a +0 leather armour (worn)
Scrolls
 c - a scroll of blinking
 g - a scroll of vulnerability {unknown}
Potions
 e - a potion of resistance {unknown}
 f - a potion of might


   Skills:
 + Level 1.8 Fighting
 + Level 1.8 Axes
 - Level 0.8 Throwing
 + Level 1.3 Armour
 + Level 1.6 Dodging
 + Level 2.0 Spellcasting
 * Level 3.2 Translocations


You had 3 spell levels left.
You knew the following spells:

 Your Spells              Type           Power      Damage    Failure   Level
a - Blink                 Tloc           18%        N/A       13%         2

Your spell library contained the following spells:

 Spells                   Type           Power      Damage    Failure   Level
 Lesser Beckoning         Tloc           18%        N/A       13%         2
 Teleport Other           Tloc           9%         N/A       26%         3
 Vhi's Electric Charge    Tloc/Air       10%        N/A       43%         3
 Manifold Assault         Tloc           9%         N/A       63%         4


Dungeon Overview and Level Annotations

Branches:
Dungeon (2/15)

Altars:

Annotations:
D:2 Jessica


Innate Abilities, Weirdness & Mutations

You are completely covered in rugged brown scales. (AC +3, +7% HP)
Armour fits poorly on your strangely shaped body.
You have a long armoured tail.
You roll when moving toward enemies. (Rampage)
Your long tongue fully drains potion bottles. (2x potion effects)
Your tongue gives you trouble enunciating. (1.5x scroll delay)


Message History

There is a stone staircase leading down here.
You climb downwards.
There is a stone staircase leading up here.
Found a stone staircase leading down.
Found a sling.
You now have 41 gold pieces (gained 12).
g - a scroll labelled UNEINU AMPONT As you open the door, it creaks loudly!
Jessica the Apprentice Sorceress comes into view.
She is wielding a +1 dagger of venom.
Jessica shouts!
Found a book of Conjurations and a pink potion.
Jessica is nearby!
Jessica is nearby!
Jessica is nearby!
There is an open door here.
You hit Jessica.
You tail-slap Jessica, but do no damage.
Jessica is heavily wounded.
Jessica barely misses you.
You barely miss Jessica.
Jessica is heavily wounded.
Jessica hits you with a +1 dagger of venom.
You are poisoned.
You closely miss Jessica.
Jessica is heavily wounded.
You feel very sick.
Jessica hits you with a +1 dagger of venom.
You are lethally poisoned!
Unknown command.
You closely miss Jessica.
Jessica is heavily wounded.
You feel very sick.
Jessica hits you with a +1 dagger of venom.
* * * LOW HITPOINT WARNING * * *
You are more poisoned.
Unknown command.
It was a potion of might.
You feel very mighty all of a sudden.
You slurp down every last drop of the potion of might!
You die...

#...#........##
###..#.####.#..##
.......####+##..###
........##8.8##...#
.....^.##.....###.##
......## .....8##..#
)....## .......##.#
.....# .......8#.#
.....+ ..!.:..@'.#
.....# ......@8###
.....# .......##
...... .....8#
....... .....# #8.8#
##+#


You could see Jessica.

Vanquished Creatures
  A dart slug (D:1)
  A giant cockroach (D:1)
  5 goblins (D:1)
  A hobgoblin (D:1)
  2 ball pythons (D:1)
  A kobold (D:1)
  A rat (D:1)
12 creatures vanquished.

Notes
Turn   | Place    | Note
-------+----------+-------------------------------------------
     0 | D:1      | LobsterGuardian the Armataur Warper began the quest for the
                  | Orb.
     0 | D:1      | Reached XP level 1. HP: 18/18 MP: 3/3
   144 | D:1      | Reached XP level 2. HP: 23/25 MP: 4/4
   358 | D:1      | Learned a level 2 spell: Blink
   610 | D:2      | Noticed Jessica
   617 | D:2      | Succumbed to Jessica's poison

Illustrated notes

Levels and vault maps discovered:
D:1:      ebering_trefoil_3fold, layout_basic, minmay_tetromino_i4
D:2:      layout_rooms, shapermc_ecumenical_altar_notcrosses,
          palyth_stone_intersect, dk_noncrumbling_4, minmay_misc_feat_five,
          uniq_jessica

Skill      XL: |  1  2 |
---------------+-------+-----
Spellcasting   | 2 |  2.0
Fighting       | |  1.8
Axes           | |  1.8
Throwing       | |  0.8
Armour         | |  1.3
Dodging        | |  1.6
Translocations | |  3.2

Action                     || total
---------------------------++-------
  Melee: Hand axe          ||    31
         Tailslap          ||     7
    Use: Scroll            ||     1
         Potion            ||     1
 Armour: Leather armour    ||    11
  Dodge: Dodged            ||    10

Table legend: (Time is in decaauts)
 A = Elapsed time spent in this place.
 B = Non-inter-level travel time spent in this place.
 C = Inter-level travel time spent in this place.
 D = Time resting spent in this place.
 E = Time spent auto-exploring this place.
 F = Levels seen in this place.
 G = Mean time per level.
                   A        B        C        D        E       F      G
               +--------+--------+--------+--------+--------+-----+--------+
         Total |    623 |    613 |     10 |      0 |    531 |   2 |  311.5 |
       Dungeon |    623 |    613 |     10 |      0 |    531 |   2 |  311.5 |
               +--------+--------+--------+--------+--------+-----+--------+

Top non-repeatable levels by time:
     D:1: 568 daAuts
     D:2: 55 daAuts
